% Time on Ice - COLORADO GLACIERCATS
Lines # - Real PCT - Wanted PCT - Time Play
Normal Forward
1 - 32% - 38% - 17:23
2 - 32% - 37% - 17:30
3 - 23% - 20% - 12:12
4 - 13% - 5% - 6:58
Normal Defense
1 - 36% - 38% - 19:14
2 - 33% - 32% - 17:39
3 - 29% - 25% - 15:40
4 - 3% - 5% - 1:30
PP Forward
1 - 49% - 50% - 1:56
2 - 51% - 50% - 2:02
PP Defense
1 - 60% - 50% - 2:23
2 - 40% - 50% - 1:35
PK Forward
1 - 58% - 50% - 1:09
2 - 42% - 50% - 0:50
PK Defense
1 - 67% - 50% - 1:20
2 - 33% - 50% - 0:39
PK3 Forward
1 - 0% - 50%
2 - 0% - 50%
PK3 Defense
1 - 0% - 50%
2 - 0% - 50%
44 Forward
1 - 0% - 50%
2 - 0% - 50%
44 Defense
1 - 0% - 50%
2 - 0% - 50%
Last Minute Offensive  - 0:00
Last Minute Defensive  - 0:00
Total
Forward - 60:00
Defense - 60:00
% Time on Ice - EDMONTON ICE
Lines # - Real PCT - Wanted PCT - Time Play
Normal Forward
1 - 37% - 37% - 19:46
2 - 34% - 34% - 18:08
3 - 24% - 23% - 13:09
4 - 6% - 6% - 3:00
Normal Defense
1 - 36% - 37% - 19:30
2 - 33% - 33% - 18:02
3 - 26% - 23% - 14:10
4 - 4% - 7% - 2:21
PP Forward
1 - 55% - 55% - 1:05
2 - 45% - 45% - 0:54
PP Defense
1 - 55% - 55% - 1:05
2 - 45% - 45% - 0:54
PK Forward
1 - 72% - 57% - 2:52
2 - 28% - 43% - 1:06
PK Defense
1 - 51% - 57% - 2:02
2 - 49% - 43% - 1:56
PK3 Forward
1 - 0% - 55%
2 - 0% - 45%
PK3 Defense
1 - 0% - 55%
2 - 0% - 45%
44 Forward
1 - 0% - 55%
2 - 0% - 45%
44 Defense
1 - 0% - 55%
2 - 0% - 45%
Last Minute Offensive  - 0:00
Last Minute Defensive  - 0:00
Total
Forward - 60:00
Defense - 60:00
Play-by-Play 1st period 0:01 of 1st period - Ryan O'Reilly wins face-off versus Lars Eller in neutral zone. 0:13 of 1st period - Shot by Lars Eller. 0:13 of 1st period - Shot Blocked by Ryan O'Reilly. 0:15 of 1st period - Shot by Lars Eller. 0:15 of 1st period - Shot Misses the Net. 0:21 of 1st period - Shot by Lars Eller. 0:21 of 1st period - Deflect By Leon Draisaitl. 0:21 of 1st period - Stopped by Philipp Grubauer without a rebound. 0:22 of 1st period - Tomas Hertl wins face-off versus Joel Eriksson Ek in EDMONTON ICE zone. 0:31 of 1st period - Shot by Brayden Schenn. 0:31 of 1st period - Shot Blocked by Colton Parayko. 1:09 of 1st period - Shot by Patric Hornqvist. 1:09 of 1st period - Stopped by David Rittich without a rebound. 1:10 of 1st period - Boone Jenner wins face-off versus Luke Glendening in COLORADO GLACIERCATS zone. 1:14 of 1st period - Icing by Zach Bogosian. 1:15 of 1st period - Mikko Koivu wins face-off versus Luke Glendening in COLORADO GLACIERCATS zone. 1:46 of 1st period - Shot by Joonas Donskoi. 1:46 of 1st period - Stopped by Philipp Grubauer without a rebound. 1:47 of 1st period - Lars Eller wins face-off versus Ryan O'Reilly in EDMONTON ICE zone. 1:47 of 1st period - Leon Draisaitl is hit by Ryan Graves and loses puck. 2:55 of 1st period - Shot by Mathieu Perreault. 2:55 of 1st period - Deflect By Ivan Barbashev. 2:55 of 1st period - Stopped by David Rittich with a rebound. 3:01 of 1st period - Shot by Mathieu Perreault. 3:01 of 1st period - Stopped by David Rittich without a rebound. 3:02 of 1st period - Joel Eriksson Ek wins face-off versus Tomas Hertl in COLORADO GLACIERCATS zone. 3:41 of 1st period - Shot by Timo Meier. 3:41 of 1st period - Shot Blocked by Nathan Beaulieu. 4:10 of 1st period - Icing by Jack Johnson. 4:11 of 1st period - Mikko Koivu wins face-off versus Sam Gagner in EDMONTON ICE zone. 4:11 of 1st period - Ondrej Kase is hit by Ross Johnston and loses puck. 4:30 of 1st period - Zach Bogosian is hit by Boone Jenner and loses puck. 4:36 of 1st period - Icing by Ilya Lyubushkin. 4:37 of 1st period - Ryan O'Reilly wins face-off versus Sam Gagner in COLORADO GLACIERCATS zone. 4:43 of 1st period - Jaden Schwartz is hit by Ilya Lyubushkin and loses puck. 4:51 of 1st period - Anthony Mantha is hit by Ilya Lyubushkin. 5:42 of 1st period - Shot by Leon Draisaitl. 5:42 of 1st period - Stopped by Philipp Grubauer without a rebound. 5:43 of 1st period - Mikko Koivu wins face-off versus Luke Glendening in EDMONTON ICE zone. 5:43 of 1st period - Boone Jenner is hit by Dustin Brown and loses puck. 5:49 of 1st period - Luke Glendening is hit by Calvin De Haan and loses puck. 5:55 of 1st period - Luke Glendening is hit by Calvin De Haan and loses puck. 6:10 of 1st period - Shot by Boone Jenner. 6:10 of 1st period - Shot Blocked by Devon Toews. 6:15 of 1st period - Off-side. 6:16 of 1st period - Lars Eller wins face-off versus Joel Eriksson Ek in neutral zone. 7:17 of 1st period - Off-side. 7:18 of 1st period - Ryan O'Reilly wins face-off versus Luke Glendening in neutral zone. 7:21 of 1st period - Shot by Anthony Mantha. 7:21 of 1st period - Shot Misses the Net. 7:29 of 1st period - Shot by Joonas Donskoi. 7:29 of 1st period - Deflect By Luke Glendening. 7:29 of 1st period - Stopped by Philipp Grubauer without a rebound. 7:30 of 1st period - Tomas Hertl wins face-off versus Ivan Barbashev in EDMONTON ICE zone. 7:44 of 1st period - Tomas Hertl is hit by Calvin De Haan and loses puck. 8:49 of 1st period - Shot by Ryan O'Reilly. 8:49 of 1st period - Shot Blocked by Ryan Ellis. 8:59 of 1st period - Shot by Jaden Schwartz. 8:59 of 1st period - Stopped by David Rittich with a rebound. 9:01 of 1st period - Shot by Ryan O'Reilly. 9:01 of 1st period - Stopped by David Rittich without a rebound. 9:02 of 1st period - Lars Eller wins face-off versus Joel Eriksson Ek in COLORADO GLACIERCATS zone. 9:02 of 1st period - Lars Eller is hit by Joel Eriksson Ek. 9:20 of 1st period - Leon Draisaitl is hit by Shea Theodore and loses puck. 9:33 of 1st period - Shot by Alex Iafallo. 9:33 of 1st period - Shot Misses the Net. 9:35 of 1st period - Shot by Nathan Beaulieu. 9:35 of 1st period - Shot Blocked by Colton Parayko. 10:11 of 1st period - Shot by Dustin Brown. 10:11 of 1st period - Shot Misses the Net. 10:18 of 1st period - Off-side. 10:19 of 1st period - Sam Gagner wins face-off versus Mikko Koivu in neutral zone. 10:39 of 1st period - Shot by Mikko Koivu. 10:39 of 1st period - Stopped by David Rittich without a rebound. 10:40 of 1st period - Luke Glendening wins face-off versus Ryan O'Reilly in COLORADO GLACIERCATS zone. 10:40 of 1st period - Joonas Donskoi is hit by Anthony Mantha and loses puck. 10:49 of 1st period - Shot by Anthony Mantha. 10:49 of 1st period - Stopped by David Rittich without a rebound. 10:50 of 1st period - Lars Eller wins face-off versus Ryan O'Reilly in COLORADO GLACIERCATS zone. 11:12 of 1st period - Leon Draisaitl is hit by Anthony Mantha and loses puck. 11:19 of 1st period - Shot by Lars Eller. 11:19 of 1st period - Shot Misses the Net. 11:21 of 1st period - Shot by Lars Eller. 11:21 of 1st period - Shot Hit the Post. 11:37 of 1st period - Off-side. 11:38 of 1st period - Tomas Hertl wins face-off versus Mikko Koivu in neutral zone. 11:51 of 1st period - Shot by Tomas Hertl. 11:51 of 1st period - Shot Misses the Net. 11:57 of 1st period - Shot by Tomas Hertl. 11:57 of 1st period - Stopped by Philipp Grubauer without a rebound. 11:58 of 1st period - Luke Glendening wins face-off versus Joel Eriksson Ek in EDMONTON ICE zone. 12:01 of 1st period - Shot by Dustin Brown. 12:01 of 1st period - Stopped by Philipp Grubauer without a rebound. 12:02 of 1st period - Mikko Koivu wins face-off versus Luke Glendening in EDMONTON ICE zone. 13:01 of 1st period - Off-side. 13:02 of 1st period - Ryan O'Reilly wins face-off versus Lars Eller in neutral zone. 13:07 of 1st period - Alex Iafallo is hit by Anthony Mantha. 13:27 of 1st period - Ryan O'Reilly is hit by Alex Iafallo. 14:08 of 1st period - Off-side. 14:09 of 1st period - Luke Glendening wins face-off versus Joel Eriksson Ek in neutral zone. 14:44 of 1st period - Shot by Luke Glendening. 14:44 of 1st period - Stopped by Philipp Grubauer without a rebound. 14:45 of 1st period - Mikko Koivu wins face-off versus Tomas Hertl in EDMONTON ICE zone. 14:47 of 1st period - Minor Penalty to Jeff Petry for Roughing. 14:48 of 1st period - Leon Draisaitl wins face-off versus Ondrej Kase in EDMONTON ICE zone. 15:16 of 1st period - Shot by Brayden Schenn. 15:16 of 1st period - Stopped by Philipp Grubauer with a rebound. 16:19 of 1st period - Shot by Alex Iafallo. 16:19 of 1st period - Shot Misses the Net. 16:21 of 1st period - Shot by Joel Edmundson. 16:21 of 1st period - Shot Misses the Net. 16:23 of 1st period - Shot by Joel Edmundson. 16:23 of 1st period - Stopped by Philipp Grubauer with a rebound. 16:25 of 1st period - Shot by Joel Edmundson. 16:25 of 1st period - Shot Misses the Net. 16:36 of 1st period - Icing by Ryan Ellis. 16:37 of 1st period - Boone Jenner wins face-off versus Leon Draisaitl in COLORADO GLACIERCATS zone. 16:43 of 1st period - Icing by Ryan Ellis. 16:44 of 1st period - Leon Draisaitl wins face-off versus Boone Jenner in COLORADO GLACIERCATS zone. 17:06 of 1st period - Off-side. 17:07 of 1st period - Tomas Hertl wins face-off versus Ryan O'Reilly in neutral zone. 17:36 of 1st period - Shot by Anthony Mantha. 17:36 of 1st period - Stopped by David Rittich with a rebound. 18:23 of 1st period - Shot by Timo Meier. 18:23 of 1st period - Stopped by David Rittich without a rebound. 18:24 of 1st period - Mikko Koivu wins face-off versus Lars Eller in COLORADO GLACIERCATS zone. 18:27 of 1st period - Shot by Boone Jenner. 18:27 of 1st period - Deflect By Ondrej Kase. 18:27 of 1st period - Stopped by David Rittich without a rebound. 18:28 of 1st period - Mikko Koivu wins face-off versus Lars Eller in COLORADO GLACIERCATS zone. 18:52 of 1st period - Shot by Boone Jenner. 18:52 of 1st period - Shot Blocked by Nathan Beaulieu. 18:54 of 1st period - Shot by Jack Johnson. 18:54 of 1st period - Stopped by David Rittich with a rebound. 18:56 of 1st period - Shot by Calvin De Haan. 18:56 of 1st period - Shot Misses the Net. 19:11 of 1st period - Icing by Nathan Beaulieu. 19:12 of 1st period - Joel Eriksson Ek wins face-off versus Lars Eller in COLORADO GLACIERCATS zone. 19:17 of 1st period - Shot by Timo Meier. 19:17 of 1st period - Shot Misses the Net. 19:38 of 1st period - Dustin Brown is hit by Jeff Petry and loses puck. 19:54 of 1st period - Shot by Joonas Donskoi. 19:54 of 1st period - Stopped by Philipp Grubauer without a rebound. 19:55 of 1st period - Tomas Hertl wins face-off versus Anthony Mantha in EDMONTON ICE zone. Goals for this period are 0 for COLORADO GLACIERCATS vs 0 for EDMONTON ICE. Shots for this period are 10 for COLORADO GLACIERCATS vs 11 for EDMONTON ICE. 2nd period 0:01 of 2nd period - Ryan O'Reilly wins face-off versus Tomas Hertl in neutral zone. 0:36 of 2nd period - Shot by Brayden Schenn. 0:36 of 2nd period - Stopped by Philipp Grubauer with a rebound. 0:38 of 2nd period - Shot by Tomas Hertl. 0:38 of 2nd period - Stopped by Philipp Grubauer without a rebound. 0:39 of 2nd period - Lars Eller wins face-off versus Joel Eriksson Ek in EDMONTON ICE zone. 0:52 of 2nd period - Shot by Lars Eller. 0:52 of 2nd period - Deflect By Leon Draisaitl. 0:52 of 2nd period - Stopped by Philipp Grubauer without a rebound. 0:53 of 2nd period - Mikko Koivu wins face-off versus Luke Glendening